Map: Prion Terraces

Players

Miszu - Winner!

  • Race: Terran Terran
  • League: Master

IIIIIIIIlIII

  • Race: Terran Terran
  • League: Master

VOD

Have the link to the VOD?

Description

Time

  • Played on: March 28, 2016, 4:38 p.m.
  • Length: 9:31
Show
View Real Time Build Order
Export as new Build Order

Miszu Terran - Winner!

Build Orders: MMM Bio 

Get SALT Encoding   

  12  0:00  SCV  
  13  0:13  SCV  
  14  0:17  Supply Depot  
  14  0:25  SCV  
  15  0:39  SCV  
  15  0:41  Barracks  
  16  0:47  Refinery  
  16  0:51  SCV  
  17  1:03  SCV  
  18  1:15  SCV  
  19  1:28  Orbital Command  
  19  1:30  Barracks Reactor  
  19  1:40  Command Center  
  19  1:49  Supply Depot  
  19  1:54  SCV  
  20  2:06  Marine x2  
  22  2:09  SCV  
  22  2:11  Factory  
  23  2:24  SCV  
  23  2:26  Marine x2  
  25  2:33  Refinery  
  25  2:36  SCV  
  26  2:44  Marine x2  
  28  2:53  Orbital Command  
  28  2:54  SCV  
  28  2:56  Starport  
  28  2:58  Factory Tech Lab  
  28  3:01  Marine  
  28  3:05  Marine  
  30  3:06  SCV  
  29  3:19  Marine  
  30  3:22  Siege Tank  
  30  3:23  Marine  
  34  3:27  SCV, Orbital Command  
  34  3:33  Supply Depot  
  35  3:37  Marine, Medivac  
  38  3:43  Marine  
  38  3:46  SCV  
  39  4:00  Barracks, SCV  
  39  4:01  Barracks, SCV  
  41  4:12  SCV  
  41  4:13  Siege Tank, SCV  
  46  4:18  Engineering Bay  
  46  4:21  Refinery  
  45  4:25  SCV  
  45  4:29  SCV  
  47  4:31  Marine x2  
  47  4:37  SCV  
  50  4:40  Starport Reactor  
  50  4:41  SCV  
  51  4:49  SCV  
  52  4:53  Marine, SCV  
  52  4:54  Barracks Tech Lab x2  
  52  4:56  Terran Infantry Weapons Level 1  
  54  5:17  Stimpack  
  54  5:18  Supply Depot  
  54  5:20  Marine x4, Siege Tank, SCV  
  62  5:26  SCV  
  61  5:32  SCV  
  57  5:37  Medivac x2  
  57  5:38  Marine  
  57  5:39  Marine x3  
  57  5:40  SCV  
  66  5:44  SCV  
  66  5:45  Barracks  
  66  5:46  Barracks  
  65  5:52  SCV  
  65  5:54  Siege Tank  
  65  5:55  Marine  
  70  5:59  Refinery  
  70  6:01  SCV  
  70  6:02  Supply Depot  
  70  6:04  SCV  
  71  6:07  Marine x2  
  71  6:08  Combat Shields  
  65  6:13  Marine, SCV  
  65  6:15  Marine  
  65  6:16  SCV  
  69  6:25  Marine, SCV  
  70  6:28  Marine, SCV, Missile Turret x3  
  74  6:33  Barracks Reactor  
  74  6:37  Barracks Reactor, Marine, SCV  
  74  6:39  Siege Tank  
  78  6:40  Medivac  
  78  6:43  Supply Depot  
  78  6:46  Marine  
  71  7:12  Terran Infantry Armor Level 1  
  71  7:14  Siege Tank  
  72  7:19  Marine x8  
  80  7:24  Command Center  
  80  7:30  Medivac  
  80  7:36  Marine  
  83  7:37  Marine x7  
  83  7:38  Engineering Bay  
  83  7:40  Armory  
  83  7:42  SCV  
  83  7:43  SCV  
  91  7:54  Marine  
  91  7:55  Marine x2  
  85  8:02  Marine  
  85  8:03  Marine x4, Siege Tank  
  93  8:12  Marine  
  94  8:25  Marine  
  94  8:27  Marine x2  
  94  8:29  Marine  
  94  8:35  Marine x4  
  98  8:43  Marine  
  98  8:44  Marine  
  98  8:45  Marine  
  98  8:47  Marine  
Show
View Real Time Build Order
Export as new Build Order

IIIIIIIIlIII Terran 

Build Orders: MMM Bio 

Get SALT Encoding   

  12  0:00  SCV  
  13  0:12  SCV  
  14  0:19  Supply Depot  
  14  0:24  SCV  
  15  0:41  SCV  
  16  0:42  Barracks  
  16  0:44  Refinery  
  16  0:53  SCV  
  17  0:59  Barracks  
  17  1:05  SCV  
  18  1:17  SCV  
  19  1:29  Orbital Command  
  19  1:30  Reaper  
  20  1:39  Supply Depot  
  20  1:46  Reaper  
  21  1:55  SCV  
  22  2:06  Reaper  
  23  2:11  SCV  
  24  2:16  Command Center  
  24  2:24  SCV  
  24  2:28  Barracks Tech Lab  
  25  2:30  Barracks  
  25  2:34  Refinery  
  25  2:36  SCV  
  26  2:43  Marine  
  27  2:48  Supply Depot, SCV  
  27  2:55  Stimpack  
  27  3:00  SCV  
  28  3:05  Marine x2  
  30  3:12  SCV  
  30  3:18  Marine  
  32  3:25  SCV  
  32  3:26  Factory  
  32  3:27  Marine  
  33  3:33  Orbital Command  
  34  3:42  SCV  
  34  3:44  Marine x3  
  38  3:54  SCV  
  39  3:58  Engineering Bay  
  39  4:00  SCV  
  40  4:05  Supply Depot  
  40  4:06  Barracks Reactor, SCV  
  40  4:07  Barracks Reactor  
  41  4:12  Starport, SCV  
  42  4:17  Marine  
  42  4:18  Factory Reactor  
  42  4:19  SCV  
  43  4:24  SCV  
  43  4:32  Terran Infantry Weapons Level 1  
  43  4:33  Refinery  
  43  4:37  Supply Depot, Barracks  
  43  4:38  Marine, Barracks  
  43  4:43  Marine x2  
  43  4:45  SCV x2  
  48  4:47  Marine x2  
  47  4:55  Refinery  
  47  4:56  Marine  
  48  5:01  Marine x2  
  48  5:05  Marine x2  
  50  5:07  Viking  
  50  5:08  Viking  
  50  5:14  Marine  
  53  5:18  Marine, Combat Shields  
  53  5:19  Marine  
  53  5:23  Marine x2  
  53  5:28  SCV x2  
  49  5:31  Marine  
  40  5:36  Marine  
  40  5:40  Medivac x2, SCV x2  
  45  5:47  Marine  
  46  5:50  Marine  
  46  5:52  SCV x2  
  46  5:53  Marine  
  46  5:54  Marine  
  42  6:04  SCV  
  42  6:06  SCV  
  42  6:08  Marine  
  42  6:10  Factory Tech Lab  
  42  6:11  Marine  
  44  6:15  Marine  
  44  6:16  Marine, SCV  
  47  6:21  Marine, Medivac x2  
  47  6:25  SCV  
  53  6:26  Marine  
  53  6:27  Marine  
  53  6:29  Marine  
  53  6:31  SCV  
  57  6:34  Supply Depot  
  57  6:38  SCV  
  58  6:43  Siege Tank  
  58  6:44  SCV  
  62  6:53  Marine x3  
  62  6:56  Marine  
  62  6:57  Marine  
  62  7:05  Marine x2  
  62  7:07  SCV x2  
  55  7:10  Marine x3  
  55  7:13  Medivac  
  55  7:14  Marine  
  61  7:15  Marine  
  61  7:18  Medivac  
  61  7:20  Supply Depot, SCV  
  61  7:21  SCV  
  66  7:23  Marine x2  
  66  7:28  Marine x2  
  66  7:29  Supply Depot  
  70  7:32  Supply Depot  
  70  7:40  Supply Depot  
  70  7:42  Marine x2  
  70  7:43  Marine  
  73  7:48  Marine  
  73  7:52  Marine x3  
  65  8:00  Marine x2  
  65  8:01  Marine  
  63  8:06  Marine  
  63  8:08  Siege Tank  
  63  8:10  Marine x3  
  70  8:17  Marine  
  70  8:18  Marine  
  69  8:20  Marine  
  69  8:24  Marine  
  53  8:27  Marine  
  53  8:28  Marine x2  
  48  8:35  Marine  
  48  8:36  Marine  
  48  8:38  Marine  
  43  8:41  Marine  
  43  8:45  Marine  
Tags
 
Add a new tag
Caveats
  • Supply blocks, unpowered buildings, or Contaminate may cause inaccurate times.
  • Supply counts are checked every 10 seconds.